 Dungeon Crawl Stone Soup version 0.30-b1-2-g02819fbbbe (webtiles) character file.

Game seed: 9008090375200860864

1866 Alarkh the Martial Artist (level 8, -1/71 HPs)
             Began as a Demonspawn Chaos Knight on May 21, 2023.
             Was a Plaything of Xom.
             Slain by a manticore (8 damage)
             ... on level 6 of the Dungeon.
             The game lasted 00:09:36 (5498 turns).

Alarkh the Martial Artist (Demonspawn Chaos Knight) Turns: 5498, Time: 00:09:37

Health: -1/71      AC:  7    Str: 18    XL:     8   Next: 90%
Magic:  0/9        EV: 11    Int: 15    God:    Xom [....*.]
Gold:   205        SH:  0    Dex: 10    Spells: 7/7 levels left

rFire   + .          .
                       - Unarmed
rCold   . . .        (no shield)
rNeg    . . .        E - +1 leather armour "Anigg" {Will+ Str+2}
rPois   +            (helmet restricted)
rElec   .            g - +1 cloak
rCorr   .            (no gloves)
SInv    +            (no boots)
Will    +....        t - amulet of guardian spirit
Stlth   +            z - ring of poison resistance
HPRegen 0.31/turn    F - ring of see invisible
MPRegen 0.11/turn

%: guardian spirit
@: about to teleport, hasted, very quick
A: antennae 2, rugged brown scales 1, powered by death 1, clumsy 1, fire
resistance 1, high MP 2, robust 1, strong 1
a: Renounce Religion


You were on level 6 of the Dungeon.
You worshipped Xom.
You were a beloved toy of Xom.
You visited 1 branch of the dungeon, and saw 6 of its levels.
You also visited: Sewer and Ossuary.

You collected 523 gold pieces.
You spent 318 gold pieces at shops.

Inventory:

Missiles
 C - a throwing net
Armour
 a - a +2 leather armour
 g - a +1 cloak (worn)
 h - a +0 cloak
 E - the +1 leather armour "Anigg" (worn) {Will+ Str+2}
   (You found it on level 4 of the Dungeon)

   Str:       It affects your strength (+2).
   Will:      It increases your willpower.
Jewellery
 e - a ring of flight
 q - a +6 ring of intelligence
 t - an amulet of guardian spirit (around neck)
 z - a ring of poison resistance (left hand)
 F - a ring of see invisible (right hand)
 H - a +6 ring of strength
Wands
 I - a wand of roots (8)
 J - a wand of mindburst (10)
Scrolls
 c - 4 scrolls of teleportation
 d - 2 scrolls of enchant weapon
 j - a scroll of fear
 k - a scroll of blinking {unknown}
 m - 5 scrolls of fog
 n - a scroll of acquirement {unknown}
 r - a scroll of identify
 s - 3 scrolls of enchant armour
 u - a scroll of brand weapon
 x - a scroll of vulnerability {unknown}
 y - a scroll of immolation {unknown}
 A - a scroll of magic mapping {unknown}
 G - a scroll of torment {unknown}
 K - 2 scrolls of summoning {unknown}
Potions
 f - 3 potions of heal wounds
 i - 3 potions of attraction
 l - a potion of mutation
 o - 4 potions of curing
 p - 2 potions of brilliance
 v - a potion of might
 w - 2 potions of haste
 B - a potion of flight
 D - a potion of magic
Miscellaneous
 b - a piece from Xom's chessboard (15/15) (quivered)


   Skills:
 + Level 5.4 Fighting
 - Level 1.7 Armour
 - Level 0.8 Dodging
 * Level 10.1 Unarmed Combat


You had 7 spell levels left.
You didn't know any spells.
Your spell library contained the following spells:

 Spells                   Type           Power      Damage    Failure   Level
 Sting                    Tmut/Pois      0%         1d3       32%         1
 Cigotuvi's Dreadful Rot  Necr/Pois/Air  0%         N/A       43%         2
 Poisonous Vapours        Pois/Air       0%         N/A       43%         2
 Sublimation of Blood     Necr           0%         N/A       43%         2
 Wereblood                Tmut           0%         N/A       43%         2
 Dispel Undead            Necr           0%         3d6       97%         4
 Olgreb's Toxic Radiance  Pois           0%         N/A       97%         4
 Death Channel            Necr           0%         N/A       100%        6
 Summon Hydra             Summ           0%         N/A       100%        7


Dungeon Overview and Level Annotations

Branches:
Dungeon (6/15)             Temple (0/1) D:5           Sewer (visited)
Ossuary (visited)

Altars:
Okawaru

Shops:
D:1 *   D:5 **

Annotations:
D:5 2 transporters, Dirian's ghost, novice MiFi


Innate Abilities, Weirdness & Mutations

You have a pair of antennae on your head.
You are partially covered in rugged brown scales. (AC +1, +3% HP)
You regenerate a little health from kills.
You are clumsy. (Dex -2)
Your flesh is heat resistant. (rF+)
You have a considerably increased reservoir of magic. (+20% MP)
You are robust. (+10% HP)
Your muscles are strong. (Str +4, Int/Dex -1)


Message History

There is an open door here.
You hit the manticore.
The manticore is lightly wounded.
The manticore bites you. The manticore claws you!
The manticore claws you but does no damage.
You feel yourself speed up. The manticore bites you!
The manticore closely misses you. The manticore claws you.
Unknown command.
You punch the manticore!
The manticore is moderately wounded. "Fight to survive, mortal."
Unknown command.
As you read the scroll of teleportation, it crumbles to dust.
You feel strangely unstable. The manticore bites you!
The manticore claws you but does no damage.
The manticore claws you.
You punch the manticore! You punch the manticore.
The manticore is heavily wounded.
The bullfrog hits you but does no damage.
The black bear closely misses you. x2; The black bear claws you.
You barely miss the manticore.
The manticore is heavily wounded. "See what I see, my child!"
You detect creatures!
The bullfrog hits you! The manticore bites you!
* * * LOW HITPOINT WARNING * * *
The manticore claws you but does no damage.
The manticore closely misses you.
You punch the manticore!
The manticore is severely wounded.
The bullfrog barely misses you.
The black bear bites you but does no damage.
The black bear claws you.
* * * LOW HITPOINT WARNING * * *
The black bear claws you but does no damage.
You punch the manticore!
The manticore is almost dead.
The manticore bites you.
* * * LOW HITPOINT WARNING * * *
The manticore claws you!
You die...

.....###.........
.......
###......#######.
##......
##.###.#####
#.#....
#.........#
#.##...
#.###.###.# #.#
#.# #.# #h# ..#
#h# ### #@#
.....SHF#
#.#######


s You could see a manticore, a black bear (summoned), a bullfrog (summoned), a
hound (summoned) and an adder (summoned).

Vanquished Creatures
  A troll (D:6)
  A black bear (D:4)
  3 ogres
  2 elf zombies (Ossuary)
  2 bullfrogs (Sewer)
  2 scorpions
  4 wights (D:6)
  A centaur zombie (Ossuary)
  A jelly (D:5)
  3 hounds
  A human zombie (Ossuary)
  A sleepcap (D:5)
  2 iguanas (D:6)
  6 orc wizards
  2 hound zombies (Ossuary)
  3 mummies (Ossuary)
  4 gnolls
  8 adders
  A river rat (Sewer)
  A shadow imp (D:5)
  3 adder zombies (Ossuary)
  3 worms (D:6)
  4 dart slugs
  14 orcs
  5 bats
  5 endoplasms
  A giant cockroach (D:3)
  4 goblins
  2 hobgoblins
  A jackal (D:2)
  3 quokkas
  17 ball pythons
  5 frilled lizards
  2 gnoll zombies (Ossuary)
  3 goblin zombies (Ossuary)
  8 hobgoblin zombies (Ossuary)
  2 jackal zombies (Ossuary)
  4 kobolds
  2 kobold zombies (Ossuary)
  2 quokka zombies (Ossuary)
  18 rats
  5 rat zombies (Ossuary)
162 creatures vanquished.

Vanquished Creatures (collateral kills)
  An orc (D:4)
  2 endoplasms
  A hobgoblin (D:4)
  2 ball pythons (Sewer)
  2 frilled lizards (Sewer)
8 creatures vanquished.

Grand Total: 170 creatures vanquished

Notes
Turn   | Place    | Note
-------+----------+-------------------------------------------
     0 | D:1      | Alarkh the Demonspawn Chaos Knight began the quest for the
                  | Orb.
     0 | D:1      | Reached XP level 1. HP: 18/18 MP: 1/1
    60 | D:1      | XOM: divination: detect items
   204 | D:1      | Reached skill level 3 in Unarmed Combat
   255 | D:1      | XOM: potion effect (invisibility)
   258 | D:1      | Gained mutation: You regenerate a little health from kills.
                  | [demonic ancestry]
   258 | D:1      | Reached XP level 2. HP: 24/24 MP: 2/2
   391 | D:1      | Found Oruologu's Assorted Antiques.
   401 | D:1      | Bought a scroll labelled NICEPH MAIWICH for 17 gold pieces
   401 | D:1      | Bought a scroll labelled TOBIUC OLIGAS for 17 gold pieces
   401 | D:1      | Bought a fizzy amethyst potion for 15 gold pieces
   679 | D:2      | Reached XP level 3. HP: 29/29 MP: 3/3
   682 | D:2      | Noticed an ogre
   684 | D:2      | XOM: cleaving
   711 | D:2      | XOM: confuse monster(s)
   817 | D:1      | XOM: divination: magic mapping
   849 | D:2      | Reached skill level 4 in Unarmed Combat
  1002 | D:2      | Found a faded altar of an unknown god.
  1042 | D:2      | XOM: fog
  1122 | D:2      | XOM: polymorph dart slug -> jackal
  1135 | D:2      | XOM: god gift: 3 scrolls labelled NOAMEMP GAMYJO {god gift}
  1239 | D:2      | XOM: 2-stop teleportation journey
  1300 | D:3      | XOM: 2-stop teleportation journey
  1307 | D:3      | Gained mutation: You have a pair of small antennae on your
                  | head. [demonic ancestry]
  1307 | D:3      | Reached XP level 4. HP: 35/35 MP: 4/4
  1677 | D:3      | Reached skill level 5 in Unarmed Combat
  1796 | D:3      | Found an iron altar of Okawaru.
  1834 | D:3      | Gained mutation: You are partially covered in rugged brown
                  | scales. (AC +1, +3% HP) [demonic ancestry]
  1834 | D:3      | Reached XP level 5. HP: 35/42 MP: 5/5
  1918 | D:3      | XOM: silly message
  2130 | D:1      | Bought a scroll labelled VIMOHIPEKE for 17 gold pieces
  2148 | D:1      | Gained mutation: Your flesh is heat resistant. (rF+)
                  | [potion of mutation]
  2156 | D:1      | Killed an ogre
  2363 | D:4      | Noticed a black bear
  2366 | D:4      | XOM: summons friendly white imp
  2377 | D:4      | Killed a black bear
  2378 | D:4      | Reached skill level 6 in Unarmed Combat
  2378 | D:4      | Gained mutation: You have a pair of antennae on your head.
                  | [demonic ancestry]
  2378 | D:4      | Reached XP level 6. HP: 34/48 MP: 3/6
  2420 | D:4      | XOM: swap monsters
  2453 | D:4      | Found a sand-covered staircase.
  2461 | Ossuary  | Entered an ossuary
  2502 | Ossuary  | XOM: swap monsters
  2510 | Ossuary  | XOM: god gift: emerald ring {god gift}
  2525 | Ossuary  | XOM: give mutation
  2525 | Ossuary  | Gained mutation: You are clumsy. (Dex -2) [Xom's mischief]
  2535 | Ossuary  | Reached skill level 7 in Unarmed Combat
  2541 | Ossuary  | XOM: god gift: scroll labelled LIUNLY EPPENEI {god gift}
  2588 | Ossuary  | XOM: enchant monster (good)
  2610 | Ossuary  | Reached XP level 7. HP: 37/53 MP: 5/7
  2922 | D:4      | Reached skill level 8 in Unarmed Combat
  3064 | D:4      | Identified the +1 leather armour "Anigg" {Will+ Str+2}
  3092 | D:4      | XOM: silly message
  3471 | D:5      | Entered Level 5 of the Dungeon
  3520 | D:5      | Found a transporter.
  3537 | D:5      | Noticed Dirian's ghost (novice MiFi)
  3551 | D:5      | Found a transporter.
  3557 | D:5      | XOM: enchant monster (bad)
  3562 | D:5      | XOM: enchant monster (bad)
  3713 | D:5      | Found a staircase to the Ecumenical Temple.
  3746 | D:5      | XOM: noise
  3771 | D:5      | Reached XP level 8. HP: 58/61 MP: 6/8
  3893 | D:5      | Found Qyonk's General Store.
  3899 | D:5      | Bought a scroll of teleportation for 36 gold pieces
  3899 | D:5      | Bought a scroll of teleportation for 36 gold pieces
  3925 | D:5      | Found Relaerao's General Store.
  3934 | D:5      | Bought a potion of curing for 36 gold pieces
  3934 | D:5      | Bought a potion of heal wounds for 60 gold pieces
  3934 | D:5      | Bought a scroll of fog for 48 gold pieces
  3934 | D:5      | Bought a scroll of teleportation for 36 gold pieces
  4187 | D:5      | Reached skill level 9 in Unarmed Combat
  4379 | D:6      | XOM: noise
  4406 | D:6      | XOM: chaos upgrade
  4479 | D:6      | XOM: cloud trail
  4528 | D:6      | Found a glowing drain.
  4562 | Sewer    | Entered a sewer
  4568 | Sewer    | XOM: divination: detect creatures
  4625 | Sewer    | XOM: cloud trail
  4822 | Sewer    | XOM: cast spell 'Discord'
  4918 | D:6      | XOM: noise
  4951 | D:6      | Reached skill level 5 in Fighting
  4971 | D:6      | XOM: give mutations
  4971 | D:6      | Gained mutation: Your muscles are strong. (Str +4, Int/Dex
                  | -1) [Xom's grace]
  4971 | D:6      | Gained mutation: You are robust. (+10% HP) [Xom's grace]
  4971 | D:6      | Gained mutation: You have an increased reservoir of magic.
                  | (+10% MP) [Xom's grace]
  4971 | D:6      | Gained mutation: You have a considerably increased
                  | reservoir of magic. (+20% MP) [Xom's grace]
  5062 | D:6      | Noticed a troll
  5062 | D:6      | XOM: enchant monster (good)
  5071 | D:6      | Killed a troll
  5072 | D:6      | Reached skill level 10 in Unarmed Combat
  5156 | D:6      | Noticed a manticore
  5192 | D:6      | XOM: scenery: 1 doors open
  5493 | D:6      | XOM: summons 4 hostile shadow creatures
  5496 | D:6      | XOM: divination: detect creatures
  5498 | D:6      | Slain by a manticore

Illustrated notes

Levels and vault maps discovered:
D:1:      minmay_arrival_shattered_statue, layout_basic, serial_shops, shop,
          nrook_mini_vaults
D:2:      layout_rooms, ebering_ecumenical_altar_hall
D:3:      layout_basic, old_standard_altar
D:4:      layout_cave_pools, nicolae_ossuary_entry_monument
D:5:      layout_basic, minmay_temple_entry_sparse_star,
          gammafunk_ghost_stat_death, serial_shops, shop_statue,
          nicolae_shop_advertising_works [nicolae_subvault_shop_adworks],
          minmay_misc_feat_nine_boxes
D:6:      layout_loops_corners, nicolae_gozag_cash_rules_everything_around_me,
          cheibrodos_sewer_entry_bend

Skill      XL: |  1  2  3  4  5  6  7  8 |
---------------+-------------------------+-----
Unarmed Combat | 3 4 5 6 7 8 10 | 10.1
Fighting       | 5 |  5.4
Armour         | |  1.7
Dodging        | |  0.8

Action                     |  1- 3 |  4- 6 |  7- 9 || total
---------------------------+-------+-------+-------++-------
  Melee: Unarmed           |   118 |   210 |   325 ||   653
         Punch             |     5 |     9 |    20 ||    34
  Evoke: Piece from Xom's  |     2 |     2 |     2 ||     6
    Use: Potion            |     4 |     1 |     6 ||    11
         Scroll            |     3 |     5 |     6 ||    14
   Stab: Sleeping          |     1 |     1 |       ||     2
         Petrified         |       |       |     3 ||     3
         Distracted        |       |       |     1 ||     1
 Armour: Leather armour    |    47 |   102 |   111 ||   260
         Skin              |     2 |     7 |       ||     9
  Dodge: Dodged            |    61 |   130 |   174 ||   365
